 Dungeon Crawl Stone Soup version 0.28-a0-1348-g050f3537b9 (webtiles) character file.

Game seed: 5329849541576384750

30 Deminshera the Magician (level 3, 25/25 HPs)
             Began as a Djinni Fire Elementalist on Dec 30, 2021.
             Quit the game on level 1 of the Dungeon.
             The game lasted 00:02:58 (2204 turns).

Deminshera the Magician (Djinni Fire Elementalist)  Turns: 2204, Time: 00:02:59

Health: 25/25      AC:  3    Str:  7    XL:     3   Next: 35%
Gold:   39         EV: 12    Int: 18    God:
                   SH:  0    Dex: 13

rFire   + + .      SeeInvis .   (no weapon)
rCold   x . .      Faith    .   (no shield)
rNeg    . . .      Spirit   .   a - +0 robe
rPois   ∞          Reflect  .   (no helmet)
rElec   .          Harm     .   h - +0 cloak
rCorr   .          Rampage  .   (no gloves)
Will    .....                   (boots unavailable)
Stlth   ++........              (no amulet)
HPRegen 0.08/turn               (no ring)
MPRegen 0.00/turn               (no ring)

@: flying
A: sickness immunity, fire resistance 2, cold vulnerability 1, float, innate
caster, hp casting, extra vitality 1
a: no special abilities


You were on level 1 of the Dungeon.
You visited 1 branch of the dungeon, and saw 1 of its levels.

You collected 39 gold pieces.

Inventory:

Armour
 a - a +0 robe (worn)
 h - a +0 cloak (worn)
Scrolls
 b - 2 scrolls of identify {unknown}
 c - a scroll of noise {unknown}
 d - a scroll of silence {unknown}
 e - a scroll of vulnerability {unknown}
 f - a scroll of holy word {unknown}
Potions
 g - a potion of brilliance {unknown}


   Skills:
 - Level 2.2 Dodging
 - Level 1.6 Stealth
 + Level 3.3 Spellcasting


You couldn't memorise any spells.
You knew the following spells:

 Your Spells              Type           Power      Damage    Failure   Level
a - Foxfire               Conj/Fire      56%        2x1d6     4%          1
b - Scorch                Fire           28%        2d6       6%          2
c - Conjure Flame         Conj/Fire      14%        6-21      12%         3
d - Inner Flame           Hex/Fire       14%        N/A       12%         3
e - Flame Wave            Conj/Fire      14%        2d5       38%         4
f - Sting                 Tmut/Pois      56%        1d5       4%          1
Your spell library was empty.

Dungeon Overview and Level Annotations

Branches:
Dungeon (1/15)

Altars:


Innate Abilities, Weirdness & Mutations

You are immune to sickness and miasma.
You are immune to poison.
Your flesh is very heat resistant. (rF++)
You are vulnerable to cold. (rC-)
You float through the air rather than walking.
You learn spells naturally, not from books.
Your magical power is your life essence.
You have superior vitality. (+4 MHP)


Message History

You kill the bat!
Found 24 sling bullets.
Found a stone staircase leading down.
You now have 39 gold pieces (gained 12).
A kobold comes into view. It is wielding a +0 club.
A kobold is nearby!
A kobold is nearby!
Casting: Foxfire (safe; 4% risk of failure)
Confirm with . or Enter, or press ? or * to list all spells.
You conjure some foxfire!
Casting: Foxfire (safe; 4% risk of failure)
Confirm with . or Enter, or press ? or * to list all spells.
There is not enough space to conjure foxfire!
The foxfire hits the kobold.
The kobold is severely wounded.
The kobold shouts!
The foxfire hits the kobold.
You kill the kobold!
No target in view!
You see here a +0 club.
You see here 24 sling bullets.
You see here 24 sling bullets.
Found a cloak.
You see here a +0 ring mail.
Done exploring.
Done exploring.
Search for what [? for help]? cloak
There is a stone staircase leading down here.
You see here a +0 cloak.
h - a +0 cloak You start putting on your armour.
You continue putting on your +0 cloak. x4
You finish putting on your +0 cloak.
Done exploring.
Done exploring.
Done exploring.
Search for what [Enter for "cloak", or ? for help]? .
Casting: Foxfire (safe; 4% risk of failure)
Confirm with . or Enter, or press ? or * to list all spells.
Okay, then.
Are you sure you want to abandon this character and quit the game? (Confirm with "yes".)

.....### .....#
....## ....# ....#
....# ##### ....#
#...# .#### ########
#.#.# .#
#.....@######.#.# .#
#..........##.#.# .#
#.......##.##.#.# .#
#.......##.##.#.# .#
#.......##.##.#.####
.#
#.......##.##......#
.###
#........#.####.#.##
...#
########.#........#
##.#
#####....#..##...###


There were no monsters in sight!

Vanquished Creatures
  A dart slug (D:1)
  3 ball pythons (D:1)
  6 bats (D:1)
  3 goblins (D:1)
  3 hobgoblins (D:1)
  3 jackals (D:1)
  3 kobolds (D:1)
  4 rats (D:1)
26 creatures vanquished.

Vanquished Creatures (others)
  54 foxfires (D:1)
54 creatures vanquished.

Grand Total: 80 creatures vanquished

Notes
Turn   | Place    | Note
-------+----------+-------------------------------------------
     0 | D:1      | Deminshera the Djinni Fire Elementalist began the quest for
                  | the Orb.
     0 | D:1      | Reached XP level 1. HP: 15/15 MP: 0/0
   224 | D:1      | Reached XP level 2. HP: 11/21 MP: 0/0
   718 | D:1      | Reached skill level 3 in Spellcasting
  1092 | D:1      | Found a faded altar of an unknown god.
  1241 | D:1      | Reached XP level 3. HP: 23/25 MP: 0/0
  1241 | D:1      | Learned a level 1 spell: Sting
  2204 | D:1      | Quit the game

Illustrated notes

Levels and vault maps discovered:
D:1:      evilmike_arrival_rings, layout_basic,
          hellmonk_ecumenical_altar_run_dry

Skill      XL: |  1  2 |
---------------+-------+-----
Spellcasting   | 3 |  3.3
Dodging        | |  2.2
Stealth        | |  1.6

Action                   || total
-------------------------++-------
Melee: Unarmed           ||    10
 Cast: Foxfire           ||    39
       Scorch            ||     9
Armor: Robe              ||     5
Dodge: Dodged            ||    24

Table legend: (Time is in decaauts)
 A = Elapsed time spent in this place.
 B = Non-inter-level travel time spent in this place.
 C = Inter-level travel time spent in this place.
 D = Time resting spent in this place.
 E = Time spent auto-exploring this place.
 F = Levels seen in this place.
 G = Mean time per level.
                   A        B        C        D        E       F      G
               +--------+--------+--------+--------+--------+-----+--------+
         Total |   2204 |   2124 |     80 |    604 |   1352 |   1 | 2204.0 |
       Dungeon |   2204 |   2124 |     80 |    604 |   1352 |   1 | 2204.0 |
               +--------+--------+--------+--------+--------+-----+--------+

Top non-repeatable levels by time:
     D:1: 2204 daAuts
